 Dungeon Crawl Stone Soup version 0.29-a0-515-g7c1fb6cc08 (webtiles) character file.

Game seed: 6629990719357672684

66136 Bruhh the Warrior (level 15, 0/144 (150) HPs)
             Began as an Ogre Summoner on May 30, 2022.
             Was a High Priest of Hepliaklqana.
             Shot with a bolt by an orc knight (14 damage)
             ... on level 2 of the Orcish Mines.
             The game lasted 00:56:51 (28808 turns).

Bruhh the Warrior (Ogre Summoner)                  Turns: 28808, Time: 00:56:52

HP:   0/144 (150)   AC:  6    Str: 16    XL:     15   Next: 18%
MP:   0/31          EV: 12    Int: 28    God:    Hepliaklqana [*****.]
Gold: 2048          SH:  0    Dex:  9    Spells: 20/38 levels left

rFire   . . .      SeeInvis .   S - +4 demon trident (elec)
rCold   . . .      Faith    .   (no shield)
rNeg    . . .      Spirit   +   R - +1 troll leather armour {Snorg}
rPois   .          Reflect  .   (helmet restricted)
rElec   .          Harm     .   (no cloak)
rCorr   .          Rampage  .   (gloves unavailable)
Will    +....                   (boots unavailable)
Stlth   +.........              J - amulet of guardian spirit
HPRegen 1.14/turn               g - +6 ring of intelligence
MPRegen 0.22/turn               B - ring of wizardry

@: lightly drained
A: reduced essence, large, unfitting armour, tough skin 1
a: Renounce Religion, Recall Ancestor, Ancestor Identity, Transference, Idealise


You were on level 2 of the Orcish Mines.
You worshipped Hepliaklqana.
Hepliaklqana was extremely pleased with you.
You visited 4 branches of the dungeon, and saw 21 of its levels.
You also visited: Bailey.

You collected 2048 gold pieces.

Inventory:

Hand Weapons
 b - a +2 short sword of venom
 c - a +0 whip
 h - the +10 dagger of the Enchanting Traitor {freeze, +Blink rN+ Int+4 Dex+3}
   (You took it off an orc on level 4 of the Dungeon)

   It freezes those it strikes, dealing additional cold damage.
   It can also slow down cold-blooded creatures.
   Int:       It affects your intelligence (+4).
   Dex:       It affects your dexterity (+3).
   rN:        It protects you from negative energy.
   +Blink:    It lets you blink.
 i - a +2 dagger of draining
 S - a +4 demon trident of electrocution (weapon)
Missiles
 V - a throwing net
Armour
 a - a +0 robe
 z - +0 steam dragon scales
 R - a +1 troll leather armour (worn) {Snorg}
Jewellery
 g - a +6 ring of intelligence (left hand)
 o - a ring of protection from cold
 y - a ring of positive energy
 B - a ring of wizardry (right hand)
 F - a ring of protection from fire
 J - an amulet of guardian spirit (around neck)
 Q - a +4 ring of evasion
Wands
 q - a wand of polymorph (8)
 u - a wand of mindburst (4)
 w - a wand of flame (10)
 x - a wand of paralysis (15)
 I - a wand of charming (5)
Scrolls
 e - a scroll of vulnerability
 j - 2 scrolls of brand weapon
 m - 2 scrolls of enchant armour
 v - a scroll of silence
 A - 3 scrolls of amnesia
 C - 2 scrolls of enchant weapon
 E - 4 scrolls of immolation
 H - a scroll of poison
 T - a scroll of fear
Potions
 d - 8 potions of degeneration
 f - a potion of attraction
 k - 2 potions of berserk rage
 l - a potion of invisibility
 n - 5 potions of flight
 p - 5 potions of mutation
 r - 2 potions of might
 s - 2 potions of cancellation
 t - a potion of resistance
 M - a potion of haste
 U - 2 potions of curing
Miscellaneous
 G - a phantom mirror
 O - a lightning rod (4/4)


   Skills:
 - Level 15.0 Fighting
 - Level 7.0 Polearms
 + Level 3.8 Armour
 - Level 10.0 Dodging
 - Level 1.4 Stealth
 - Level 12.0 Spellcasting
 - Level 10.1 Summonings
 - Level 6.0 Earth Magic
 + Level 13.0 Invocations


You had 20 spell levels left.
You knew the following spells:

 Your Spells              Type           Power      Damage    Failure   Level
a - Summon Small Mammal   Summ           100%       N/A       1%          1
b - Call Imp              Summ           65%        N/A       1%          2
c - Call Canine Familiar  Summ           65%        N/A       1%          3
d - Summon Guardian Gole  Hex/Summ       45%        N/A       1%          3
e - Summon Lightning Spi  Summ/Air       45%        N/A       1%          4
f - Borgnjor's Vile Clut  Necr/Erth      16%        N/A       12%         5

Your spell library contained the following spells:

 Spells                   Type           Power      Damage    Failure   Level
 Necrotize                Necr           64%        1d7       1%          1
 Slow                     Hex            64%        N/A       1%          1
 Passwall                 Tmut/Erth      27%        N/A       1%          2
 Ensorcelled Hibernation  Hex/Ice        32%        N/A       2%          2
 Confusing Touch          Hex            16%        N/A       4%          3
 Gell's Gravitas          Tloc           16%        N/A       4%          3
 Lesser Beckoning         Tloc           16%        N/A       4%          3
 Swiftness                Air            16%        N/A       4%          3
 Teleport Other           Tloc           16%        N/A       4%          3
 Vampiric Draining        Necr           16%        2d7       4%          3
 Agony                    Necr           16%        N/A       38%         5
 Alistair's Intoxication  Tmut/Pois      10%        N/A       38%         5
 Eringya's Noxious Bog    Tmut/Pois      8%         N/A       90%         6


Dungeon Overview and Level Annotations

Branches:
Dungeon (12/15)            Temple (1/1) D:5            Lair (6/6) D:9
 Shoals (0/4) Lair:4        Snake (0/4) Lair:2        Slime (0/5) Lair:6
    Orc (2/2) D:12         Bailey (visited)
    Elf: Orc:2

Altars:
Ashenzari
Dithmenos
Elyvilon
Fedhas
Gozag
Hepliaklqana
Kikubaaqudgha
Makhleb
Nemelex Xobeh
Okawaru
Ru
Sif Muna
Trog
Uskayaw
Wu Jian
Xom
Yredelemnul
Zin
The Shining One
Jiyva

Shops:
D:9 !   Orc:2 :

Annotations:
D:8 1 runed translucent door, haldagan's ghost, novice KoCj
D:11 3 runed translucent doors, Gargoyl's ghost, journeyman GrBe


Innate Abilities, Weirdness & Mutations

Your life essence is reduced to manifest your ancestor. (-10% HP)
You are too large for most types of armour.
You have tough skin. (AC +1)


Message History

Your lightning spire is destroyed!
Your lightning spire disappears in a puff of smoke!
Orana hits the orc priest with a +0 broad axe of flaming!!
Orana burns the orc priest.
The orc priest dies!
The orc warrior shoots a bolt.
The bolt barely misses you.
A bolt appears from out of your range of vision.
The bolt hits Orana.
You see here a +0 hand axe.
Unknown command.
As you read the scroll of teleportation, it crumbles to dust.
You feel strangely unstable.
The orc warrior shoots a bolt.
The bolt hits you.
A bolt appears from out of your range of vision.
The bolt hits Orana.
The orc warrior shoots a bolt.
The bolt misses you.
The orc warrior attacks as you move away!
The orc warrior unwields a +0 arbalest.
The orc warrior wields a +0 great mace.
The orc warrior hits you with a +0 great mace!!
The orc warrior shoots a bolt.
The bolt hits you!!
The orc knight shoots a bolt.
The bolt completely misses you.
The orc warrior unwields a +0 great mace.
The orc warrior wields a +0 arbalest.
The orc warrior shoots a bolt.
The bolt hits you!
A bolt appears from out of your range of vision.
The bolt hits Orana but does no damage.
The orc knight shoots a bolt.
The bolt hits you!!
* * * LOW HITPOINT WARNING * * *
The orc warrior shoots a bolt.
The bolt misses you.
Your surroundings seem slightly different.
An orc warrior comes into view. It is wielding a +0 arbalest.
Found 20 gold pieces.
The orc warrior shoots a bolt.
The bolt barely misses you.
The orc knight shoots a bolt.
The bolt hits you!!
* * * LOW HITPOINT WARNING * * *
The orc warrior shoots a bolt.
The bolt hits Orana but does no damage.
Unknown command.
Blink to where?
Press: ? - help, Dir - move target An orc warrior comes into view.
It is wielding a +0 long sword.
As you read the scroll of blinking, it crumbles to dust.
The orc knight shoots a bolt.
The bolt hits you!
You die...

#... .... .≈≈# #≈≈.
....##..##..##...# #...
.#................. ....
.........$......... ....
$.........).[.....$ ....
..#.....o..<[...... ....
##. ..#.................
..). ..
#.#...$..............
... #
...#.......@...........
.. ..#
.#.....$..............
....
..$.....†.o.....#....
...#.........o...≈≈.≈≈..
#............)≈≈≈.≈≈≈.
#......#......≈≈≈.≈≈≈.
#.#......o...).§..∩....
..#$...ooo.R..≈≈≈.≈≈≈.
....$#....#)....≈≈≈.≈≈≈.


You could see the friendly Orana the knight, an orc knight, 5 orc warriors and
an orc (strong).

Vanquished Creatures
  Snorg (Lair:6)
  An ettin (Orc:1)
  Josephine (Lair:6)
  A boulder beetle (D:11)
  4 hydras
  A two-headed ogre (D:11)
  A catoblepas (Lair:3)
  5 death yaks
  Urug (Lair:6)
  Sonja (Lair:6)
  A deep elf pyromancer (D:12)
  An ugly thing (D:12)
  A lindwurm (Lair:6)
  An orc sorcerer (Orc:2)
  A cyclops (D:11)
  2 oklob plants (Lair:3)
  4 elephants (Lair:6)
  2 black mambas
  4 cane toads
  A gargoyle (D:11)
  3 komodo dragons
  2 hornets (Lair:6)
  3 polar bears (Lair:6)
  2 slime creatures (D:12)
  A dream sheep (Lair:6)
  10 blink frogs
  11 spriggans (Lair:6)
  A wraith (Lair:6)
  13 yaks
  2 steam dragons (D:7)
  5 water moccasins
  A sky beast (D:7)
  20 orc warriors
  2 black bears
  An ogre (D:6)
  10 wolves
  A boggart (Lair:6)
  7 centaurs
  6 kobold brigands
  2 bullfrogs (Lair:3)
  A howler monkey (D:9)
  3 jellies
  2 orc priests (Orc:1)
  3 hounds
  An iguana (D:7)
  9 orc wizards
  4 hell rats (Lair:2)
  4 adders
  2 white imps
  A worm (D:2)
  A dart slug (D:4)
  20 orcs
  3 endoplasms
  2 giant cockroaches
  6 goblins
  4 hobgoblins
  2 jackals (D:4)
  8 kobolds
  A quokka (D:3)
  A ball python (D:2)
  A bat (D:2)
  2 frilled lizards (D:2)
  6 rats
  A bush (Lair:3)
226 creatures vanquished.

Vanquished Creatures (collateral kills)
  6 hydras
  A catoblepas (Lair:6)
  3 two-headed ogres
  4 death yaks
  A lindwurm (Lair:6)
  2 orc knights
  A deep elf pyromancer (D:12)
  A cyclops (D:11)
  6 elephants (Lair:6)
  2 black mambas
  2 gargoyles (D:12)
  8 cane toads
  5 komodo dragons
  4 trolls
  Grinder (D:3)
  7 polar bears
  4 hornets
  A slime creature (D:12)
  6 blink frogs
  2 dream sheep (Lair:6)
  3 spriggans (Lair:6)
  3 wraiths (Lair:6)
  A wyvern (Lair:3)
  20 yaks
  6 basilisks
  2 vampire mosquitoes (D:11)
  2 steam dragons
  2 nagas (Lair:2)
  11 water moccasins
  A warg (Orc:2)
  10 orc warriors
  2 ice beasts
  2 black bears (Lair:6)
  A sky beast (D:7)
  3 ogres
  2 boggarts (Lair:6)
  13 wolves
  4 centaurs
  3 kobold brigands
  6 bullfrogs
  A necrophage (D:5)
  A gnoll sergeant (D:12)
  5 scorpions
  5 wights (D:8)
  8 killer bees
  4 electric eels
  A howler monkey (D:9)
  4 hounds
  8 orc priests
  2 jellies
  An iguana (D:6)
  13 orc wizards
  3 hell rats (Lair:2)
  5 gnolls (D:12)
  5 adders
  2 shadow imps
  A white imp (D:7)
  A dart slug (D:2)
  50 orcs
  An endoplasm (D:2)
  A giant cockroach (D:4)
  A goblin (D:2)
  3 hobgoblins
  19 kobolds
  A quokka (D:1)
  2 ball pythons
  2 butterflies (D:5)
314 creatures vanquished.

Vanquished Creatures (others)
  A hydra (Lair:6)
  An orc sorcerer (Orc:1)
  2 yaks (D:8)
  A centaur (Orc:2)
  13 knights
  An ancestor (D:8)
  38 fungi
  76 plants
133 creatures vanquished.

Grand Total: 673 creatures vanquished

Notes
Turn   | Place    | Note
-------+----------+-------------------------------------------
     0 | D:1      | Bruhh the Ogre Summoner began the quest for the Orb.
     0 | D:1      | Reached XP level 1. HP: 16/16 MP: 3/3
   709 | D:1      | Reached XP level 2. HP: 21/24 MP: 3/5
   970 | D:2      | Learned a level 2 spell: Call Imp
  1266 | D:2      | Reached XP level 3. HP: 30/31 MP: 4/7
  1325 | D:2      | Found a faded altar of an unknown god.
  2002 | D:2      | Reached XP level 4. HP: 37/39 MP: 8/8
  2575 | D:3      | Learned a level 3 spell: Call Canine Familiar
  2624 | D:3      | Noticed Grinder
  2661 | D:3      | Paralysed by Grinder for 3 turns
  2685 | D:3      | Killed Grinder
  2686 | D:3      | Reached skill level 5 in Summonings
  2686 | D:3      | Reached XP level 5. HP: 11/45 MP: 6/11
  2686 | D:3      | Reached XP level 6. HP: 14/53 MP: 6/12
  3136 | D:3      | Found a glowing silver altar of Zin.
  3621 | D:4      | Reached skill level 5 in Spellcasting
  3621 | D:4      | Reached XP level 7. HP: 22/59 MP: 6/14
  4719 | D:4      | Identified the +10 dagger of the Enchanting Traitor
                  | {freeze, +Blink rN+ Int+4 Dex+3}
  5196 | D:4      | Found a shadowy altar of Dithmenos.
  5306 | D:5      | Entered Level 5 of the Dungeon
  5645 | D:5      | Reached XP level 8. HP: 44/67 MP: 17/17
  5818 | D:5      | Found a shimmering altar of Xom.
  5859 | D:5      | Found a staircase to the Ecumenical Temple.
  5894 | Temple   | Entered the Ecumenical Temple
  5977 | Temple   | Became a worshipper of Hepliaklqana the Forgotten
  6142 | D:5      | Reached skill level 1 in Fighting
  6148 | D:5      | Learned a level 3 spell: Summon Guardian Golem
  6153 | D:5      | Learned a level 4 spell: Summon Lightning Spire
  6298 | D:5      | Reached skill level 3 in Fighting
  6462 | D:5      | Reached skill level 4 in Fighting
  6908 | D:6      | Reached skill level 5 in Fighting
  7007 | D:6      | Reached skill level 6 in Fighting
  7283 | D:6      | Found a hide-covered altar of Uskayaw.
  7300 | D:6      | Reached XP level 9. HP: 92/92 MP: 9/19
  7302 | D:6      | Reached skill level 7 in Fighting
  7376 | D:6      | Found a blossoming altar of Fedhas.
  7377 | D:6      | Found an ancient bone altar of Kikubaaqudgha.
  7379 | D:6      | Found a broken altar of Ashenzari.
  7379 | D:6      | Found a sparkling altar of Nemelex Xobeh.
  7389 | D:6      | Found a shimmering blue altar of Sif Muna.
  7570 | D:6      | Found a bloodstained altar of Trog.
  7707 | D:6      | Reached skill level 8 in Fighting
  8069 | D:6      | Reached * piety under Hepliaklqana
  8292 | D:7      | Reached skill level 9 in Fighting
  8640 | D:7      | Noticed a hornet
  8644 | D:7      | Killed a hornet
  8645 | D:7      | Reached skill level 10 in Fighting
  8645 | D:7      | Reached skill level 1 in Invocations
  9028 | D:8      | Noticed a two-headed ogre
  9040 | D:8      | Killed a two-headed ogre
  9041 | D:8      | Reached skill level 5 in Invocations
  9041 | D:8      | Reached XP level 10. HP: 28/99 MP: 15/23
  9337 | D:8      | Found a runed translucent door.
  9339 | D:8      | Noticed haldagan's ghost (novice KoCj)
  9361 | D:8      | Reached ** piety under Hepliaklqana
  9858 | D:9      | Remembered your ancestor Orana as a knight
 10014 | D:9      | Noticed a death yak
 10014 | D:9      | Noticed a death yak
 10017 | D:9      | Noticed a death yak
 10029 | D:9      | Killed a death yak
 10030 | D:9      | Reached skill level 10 in Spellcasting
 10359 | D:9      | Found Ompebro's Distillery.
 10498 | D:9      | Noticed a death yak
 10509 | D:9      | Killed a death yak
 10528 | D:9      | Killed a death yak
 10529 | D:9      | Reached skill level 10 in Invocations
 10529 | D:9      | Reached XP level 11. HP: 75/105 MP: 17/25
 10540 | D:9      | Reached skill level 1 in Earth Magic
 10822 | D:9      | Reached *** piety under Hepliaklqana
 10900 | D:9      | Found a staircase to the Lair.
 10930 | D:9      | Noticed a death yak
 10946 | D:9      | Killed a death yak
 11381 | Lair:1   | Entered Level 1 of the Lair of Beasts
 11691 | Lair:1   | Learned a level 5 spell: Borgnjor's Vile Clutch
 12032 | Lair:1   | You fall into a shaft and drop 1 floor!
 12032 | Lair:2   | Found a gate leading to a gauntlet.
 12061 | Lair:2   | Noticed a seven-headed hydra
 12069 | Lair:2   | Killed a seven-headed hydra
 12432 | Lair:1   | Reached skill level 5 in Earth Magic
 12903 | Lair:1   | Reached **** piety under Hepliaklqana
 13209 | Lair:2   | Reached skill level 10 in Summonings
 13209 | Lair:2   | Reached XP level 12. HP: 104/113 MP: 9/26
 13828 | Lair:2   | Found a staircase to the Snake Pit.
 14071 | Lair:2   | Noticed a seven-headed hydra
 14080 | Lair:2   | Killed a seven-headed hydra
 15058 | Lair:3   | Noticed a death yak
 15059 | Lair:3   | Noticed a death yak
 15059 | Lair:3   | Noticed a catoblepas
 15059 | Lair:3   | Noticed a death yak
 15060 | Lair:3   | Noticed a six-headed hydra
 15074 | Lair:3   | Noticed a death yak
 15444 | Lair:3   | Found a hazy altar of Hepliaklqana.
 15498 | Lair:3   | Reached skill level 5 in Dodging
 15505 | Lair:3   | Killed a catoblepas
 15509 | Lair:3   | Killed a death yak
 15513 | Lair:3   | Killed a death yak
 15517 | Lair:3   | Killed a death yak
 16120 | Lair:3   | Noticed a six-headed hydra
 16130 | Lair:3   | Killed a six-headed hydra
 16199 | Lair:3   | Killed a six-headed hydra
 16634 | Lair:3   | Reached XP level 13. HP: 119/119 MP: 19/27
 17272 | Lair:4   | Found a staircase to the Shoals.
 17436 | Lair:4   | Reached ***** piety under Hepliaklqana
 18844 | Lair:5   | Identified the +5 glaive "Heixox" {drain, Int+4}
 19650 | Lair:6   | Entered Level 6 of the Lair of Beasts
 19697 | Lair:6   | Reached skill level 10 in Dodging
 19944 | Lair:6   | Noticed Josephine
 19953 | Lair:6   | Killed Josephine
 20261 | Lair:6   | Noticed Urug
 20277 | Lair:6   | Killed Urug
 20278 | Lair:6   | Reached skill level 11 in Fighting
 20678 | Lair:6   | Noticed Snorg
 20686 | Lair:6   | Killed Snorg
 21156 | Lair:6   | HP: 6/125 [elephant (17)]
 21413 | Lair:6   | Reached skill level 12 in Fighting
 21491 | Lair:6   | Noticed Sonja
 21496 | Lair:6   | Killed Sonja
 21708 | Lair:6   | Reached XP level 14. HP: 108/135 MP: 27/29
 22036 | Lair:6   | Reached skill level 13 in Fighting
 22252 | Lair:6   | Found a staircase to the Slime Pits.
 22252 | Lair:6   | Found a viscous altar of Jiyva.
 22448 | Lair:6   | Reached skill level 14 in Fighting
 22769 | Lair:6   | Reached skill level 15 in Fighting
 22771 | Lair:6   | Reached skill level 1 in Polearms
 22894 | Lair:6   | Paralysed by a hornet for 3 turns
 23131 | Lair:6   | Found the +3 hat of Pondering {ponderous, Will+ MP+10
                  | Int+5}
 23138 | Lair:6   | Identified the +7 arbalest "Irohonim" {penet, rC+ Int-3
                  | Dex+3 Stlth+}
 23738 | D:9      | Identified the +6 chain mail of Tesigekk {rC++ Dex+2}
 23837 | D:10     | Entered Level 10 of the Dungeon
 23866 | D:10     | Found a flagged portal.
 23873 | Bailey   | Entered a bailey
 23989 | Bailey   | Found an iron altar of Okawaru.
 24064 | D:10     | Reached skill level 5 in Polearms
 24262 | D:10     | Found a basalt altar of Yredelemnul.
 24790 | D:11     | Noticed Gargoyl's ghost (journeyman GrBe)
 25025 | D:11     | Found a runed translucent gate.
 25025 | D:11     | Found a runed translucent gate.
 25025 | D:11     | Found a runed translucent gate.
 25973 | D:12     | Found a staircase to the Orcish Mines.
 26112 | D:12     | Reached skill level 1 in Armour
 26598 | D:12     | Reached XP level 15. HP: 150/150 MP: 25/31
 26748 | Orc:1    | Entered Level 1 of the Orcish Mines
 27422 | Orc:2    | Entered Level 2 of the Orcish Mines
 28120 | Orc:2    | Found Ythrucibb's Self-Improvement Boutique.
 28121 | Orc:2    | HP: 4/150 [orc priest/divine providence (12)]
 28808 | Orc:2    | Shot with a bolt by an orc knight

Illustrated notes

Levels and vault maps discovered:
D:1:      evilmike_arrival_fibonacci_small, layout_basic
D:2:      layout_loops_cross, shapermc_ecumenical_altar_mp_highgroup
D:3:      layout_loops_cross, mainiacjoe_overflow_tiny_flanked, feat_on_display,
          uniq_grinder
D:4:      layout_basic, lemuel_round_altar
D:5:      layout_basic, xom_butterflies, temple_pool_b,
          dreamdust_princess_corridor
D:6:      layout_loops_ring, nicolae_overflow_hallway_of_the_gods,
          patterned_corridor
D:7:      layout_rooms
D:8:      layout_cave_pools, hellmonk_ghost_big_iron, hangedman_decor_opposing,
          small_statue_intersection, small_chamber_with_monster,
          hangedman_abyss_or_decor_clamps
D:9:      layout_gridville, dpeg_lair_monsters, serial_shops,
          nicolae_inconvenience_store, minmay_misc_feat_cross
D:10:     layout_loops_ring, overflow_temple_1_default, enter_bailey_1,
          minivault_12
D:11:     layout_roguey, maelrawn_ghost_gauntlet_escape
D:12:     layout_basic, lightli_minifort
Temple:   jpeg_temple_clearing
Lair:1:   layout_cave_pods, grunt_megastairs_4, infiniplex_staircase_pool
Lair:2:   layout_cave_pods, guppyfry_snake_entry_island, gauntlet_entry_generic,
          serial_bayou_shore_b
Lair:3:   layout_regular_city, minmay_lair_oklob_items, lemuel_oklob_altar,
          serial_bayou_shore_a
Lair:4:   gammafunk_indiana_jones, layout_cave_pods, shoals_dummy_entry
Lair:5:   layout_roguey, kennysheep_catoblepas_arena
Lair:6:   minmay_lair_end_enchanted_forest, layout_layer_cave, slime_altar_1,
          uniq_josephine, uniq_snorg, uniq_sonja, uniq_urug
Orc:1:    layout_diamond_mine
Orc:2:    st_orc_rangers, layout_caves, nicolae_shop_self_help

Skill      XL: |  1  2  3  4  5  6  7  8  9 10 11 12 13 14 15 |
---------------+----------------------------------------------+-----
Summonings     | 4 5 6 7 8 10 | 10.1
Spellcasting   | 3 4 5 6 7 9 10 11 12 | 12.0
Fighting       | 6 10 12 15 | 15.0
Invocations    | 5 10 12 13 | 13.0
Earth Magic    | 5 6 |  6.0
Dodging        | 7 10 | 10.0
Polearms       | 7 |  7.0
Armour         | 2 3 |  3.8
Stealth        | |  1.4

Action                   |  1- 3 |  4- 6 |  7- 9 | 10-12 | 13-15 || total
-------------------------+-------+-------+-------+-------+-------++-------
Melee: Unarmed           |     8 |       |       |       |       ||     8
       Whip              |    36 |       |       |       |       ||    36
       Dagger            |    31 |    38 |    82 |   142 |   129 ||   422
       Punch             |       |     2 |     2 |     1 |     6 ||    11
       Short sword       |       |    17 |    26 |       |       ||    43
       Demon trident     |       |       |       |       |   301 ||   301
 Cast: Summon Small Mamm |    12 |     2 |     3 |     6 |     1 ||    24
       Call Imp          |    12 |    15 |    16 |     6 |     2 ||    51
       Call Canine Famil |       |     7 |    17 |    55 |    61 ||   140
       Summon Lightning  |       |       |    13 |     4 |     3 ||    20
       Summon Guardian G |       |       |     2 |     1 |     3 ||     6
       Borgnjor's Vile C |       |       |       |    28 |    85 ||   113
Invok: Ancestor Identity |       |       |     1 |       |       ||     1
       Recall Ancestor   |       |       |       |     4 |     5 ||     9
       Ancestor Life: Kn |       |       |       |     1 |       ||     1
       Idealise          |       |       |       |     1 |     4 ||     5
       Transference      |       |       |       |       |     1 ||     1
 Abil: Evoke Blink       |       |       |     1 |       |       ||     1
Evoke: Phantom mirror    |       |       |       |       |     1 ||     1
  Use: Potion            |       |     3 |     2 |     4 |    12 ||    21
       Scroll            |       |       |     5 |    16 |    21 ||    42
 Stab: Distracted        |       |     1 |     2 |     2 |     1 ||     6
       Sleeping          |       |       |     1 |       |       ||     1
Armor: Robe              |    16 |    17 |    22 |       |       ||    55
       Steam dragon scal |       |       |       |    30 |    16 ||    46
       Troll leather arm |       |       |       |       |    84 ||    84
       Skin              |       |       |       |       |    40 ||    40
Dodge: Dodged            |    45 |    27 |    48 |    76 |   321 ||   517

Table legend: (Time is in decaauts)
 A = Elapsed time spent in this place.
 B = Non-inter-level travel time spent in this place.
 C = Inter-level travel time spent in this place.
 D = Time resting spent in this place.
 E = Time spent auto-exploring this place.
 F = Levels seen in this place.
 G = Mean time per level.
                   A        B        C        D        E       F      G
               +--------+--------+--------+--------+--------+-----+--------+
         Total |  28927 |  28013 |    914 |   3048 |  20811 |  22 | 1314.9 |
       Dungeon |  14382 |  13909 |    473 |    291 |  11659 |  12 | 1198.5 |
        Temple |     92 |     84 |      8 |      0 |     66 |   1 |   92.0 |
          Lair |  12448 |  12055 |    393 |   1633 |   8637 |   6 | 2074.7 |
  Orcish Mines |   1815 |   1776 |     39 |   1124 |    361 |   2 |  907.5 |
        Bailey |    187 |    187 |      0 |      0 |     86 |   1 |  187.0 |
               +--------+--------+--------+--------+--------+-----+--------+

Top non-repeatable levels by time:
  Lair:6: 3274 daAuts
  Lair:2: 2357 daAuts
     D:4: 2003 daAuts
  Lair:3: 1828 daAuts
   Orc:1: 1745 daAuts
  Lair:1: 1680 daAuts
  Lair:4: 1679 daAuts
     D:9: 1639 daAuts
  Lair:5: 1628 daAuts
     D:6: 1538 daAuts
    D:12: 1380 daAuts
     D:2: 1225 daAuts
     D:5: 1224 daAuts
     D:3: 1141 daAuts
     D:8: 1041 daAuts
